 Dungeon Crawl Stone Soup version 0.22.0-49-gab54619674 (webtiles) character file.

2503 Muumios the Covert (level 9, 0/70 HPs)
             Began as a Mummy Assassin on Sept 6, 2018.
             Was an Initiate of Gozag.
             Slain by an orc warrior
             ... wielding a +0 war axe
              (10 damage)
             ... in a bailey.
             The game lasted 00:18:32 (7310 turns).

Muumios the Covert (Mummy Assassin)                 Turns: 7310, Time: 00:18:36

Health: 0/70       AC:  9    Str: 18    XL:     9   Next: 28%
Magic:  9/9        EV: 10    Int: 10    God:    Gozag
Gold:   649        SH:  0    Dex: 17    Spells: 8/8 levels left

rFire    x . .     SeeInvis .   i - +3 short sword (venom)
rCold    + . .     Gourm    .   (no shield)
rNeg     + + +     Faith    .   y - +0 ring mail of Amorality {Str+4 Stlth+} (curse)
rPois    ∞         Spirit   .   (no helmet)
rElec    .         Reflect  .   d - +0 cloak
rCorr    .         Harm     .   (no gloves)
MR       +....                  w - +2 pair of boots of the Assassin {Detection Stab+ Stlth++}
Stlth    ++++++++..             (no amulet)
HPRegen  0.21/turn              p - ring of stealth (curse)
MPRegen  0.11/turn              B - ring of stealth

@: no status effects
A: no food or potions, fire vulnerability, cold resistance 1, negative energy
resistance 3, torment resistance, unbreathing
a: Potion Petition, Call Merchant, Bribe Branch, Renounce Religion


You were in a bailey.
You worshipped Gozag.
Gozag was pleased with you.
You were not hungry.

You visited 2 branches of the dungeon, and saw 8 of its levels.
You also visited: Sewer, Ossuary and Bailey.

You collected 785 gold pieces.
You paid 136 gold pieces to Gozag.

Inventory:

Hand Weapons
 a - a +2 dagger
 b - a +0 blowgun
 i - a +3 short sword of venom (weapon)
 l - a +0 hunting sling
 u - a +0 blowgun
 v - a +3 whip of venom
Missiles
 e - 38 poisoned needles
 g - 67 sling bullets
 h - 15 tomahawks of returning (quivered)
 t - 3 needles of sleeping
 C - 6 curare-tipped needles
Armour
 c - a +0 robe
 d - a +0 cloak (worn)
 q - a +1 pair of boots
 w - the +2 pair of boots of the Assassin (worn) {Detection Stab+ Stlth++}
   (You found it on level 4 of the Dungeon)

   It makes you much more stealthy.
 y - the cursed +0 ring mail of Amorality (worn) {Str+4 Stlth+}
   (You found it on level 4 of the Dungeon)

   It affects your strength (+4).
   It makes you more stealthy.
   It has a curse placed upon it.
Jewellery
 n - an uncursed ring of magical power
 p - a cursed ring of stealth (left hand)
 s - an uncursed ring of protection from cold
 B - a ring of stealth (right hand)
 D - an uncursed ring of protection from cold
Wands
 m - a wand of paralysis (13)
 r - a wand of random effects (26)
Scrolls
 f - a scroll of enchant armour
 j - 2 scrolls of remove curse
 k - 2 scrolls of magic mapping
 o - a scroll of blinking
 x - 2 scrolls of amnesia
 z - 5 scrolls of identify
 A - 4 scrolls of teleportation
 E - 2 scrolls of torment


   Skills:
 + Level 6.3 Fighting
 * Level 6.5 Short Blades
 - Level 0.3 Maces & Flails
 - Level 1.5 Throwing
 - Level 0.7 Dodging
 * Level 8.1 Stealth


You had 8 spell levels left.
You didn't know any spells.
Your spell library contained the following spells:

 Spells                   Type           Power        Failure   Level  Hunger
 Sticks to Snakes         Tmut           #.......     71%         2    N/A
 Beastly Appendage        Tmut           Unusable     N/A         1    N/A
 Spider Form              Tmut/Pois      Unusable     N/A         3    N/A
 Ice Form                 Ice/Tmut       Unusable     N/A         4    N/A
 Blade Hands              Tmut           Unusable     N/A         5    N/A

Dungeon Overview and Level Annotations

Branches:
Dungeon (7/15)             Temple (1/1) D:6

Altars:
Ashenzari
Cheibriados
Elyvilon
Fedhas
Gozag
Hepliaklqana
Kikubaaqudgha
Makhleb
Nemelex Xobeh
Qazlal
Sif Muna
Trog
Uskayaw
Wu Jian
Xom
Yredelemnul
Zin
The Shining One

Shops:
D:6 [


Innate Abilities, Weirdness & Mutations

You do not eat or drink.
Your flesh is vulnerable to fire.
You are immune to poison.
Your flesh is cold resistant. (rC+)
You are immune to negative energy. (rN+++)
You are immune to unholy pain and torment.
You can survive without breathing.


Message History

The kobold closely misses you.
Throwing (i - inventory)
h - 15 tomahawks of returning (quivered)
Press: ? - help, Shift-Dir - straight line, f/p - kobold
Aim: a kobold You throw a tomahawk of returning.
The tomahawk of returning hits the kobold but does no damage.
The tomahawk of returning returns to your pack!
The orc warrior hits you with a war axe.
* * * LOW HITPOINT WARNING * * *
The kobold appears out of thin air!
The kobold closely misses you.
Throwing (i - inventory)
h - 15 tomahawks of returning (quivered)
Press: ? - help, Shift-Dir - straight line, f/p - kobold
Aim: a kobold You throw a tomahawk of returning.
The tomahawk of returning hits the kobold.
The kobold is heavily wounded.
The tomahawk of returning returns to your pack!
The orc warrior hits you with a war axe!
You die...
Your body crumbles into a pile of gold.

#≈≈.......≈≈##
+≈≈.......≈≈'
#≈≈.......≈≈###
+≈≈.......≈≈($
#≈≈.......≈≈###
+≈≈.......≈≈'.'
#≈≈...Ko..≈≈###.
+≈≈..K.@..≈≈K.'∩
#≈≈.......≈≈###
##≈.......≈##
####...####
#...# ##'''##
##..∩..##
#.......#
#...∩...#


You could see an orc warrior and 3 kobolds.

Vanquished Creatures
  Sigmund (D:5)
  Edmund (D:5)
  An orc warrior (D:6)
  A water moccasin (D:5)
  A sky beast (D:6)
  2 ogres (D:6)
  A big kobold (D:7)
  2 bullfrogs
  2 elf zombies (D:7)
  An elf skeleton (D:7)
  A water moccasin skeleton (D:6)
  3 centaur zombies
  A human zombie (Ossuary)
  A quasit (D:6)
  4 hounds
  3 orc priests
  3 jellies
  A bullfrog skeleton (D:4)
  A centaur skeleton (D:3)
  8 worker ants
  A human skeleton (D:7)
  5 orc wizards
  A merfolk siren (Sewer)
  A merfolk avatar (Sewer)
  A killer bee zombie (D:6)
  A big kobold zombie (Ossuary)
  4 mummies (Ossuary)
  A worker ant zombie (D:7)
  9 adders
  6 gnolls
  2 river rats
  A shadow imp (D:5)
  2 oozes
  2 worms
  2 dart slugs
  6 leopard geckos
  19 orcs
  8 ball pythons
  9 giant cockroaches
  A gnoll zombie (Ossuary)
  8 goblins
  11 hobgoblins
  22 jackals
  A quokka (D:4)
  8 bats
  4 frilled lizards
  2 hobgoblin zombies (Ossuary)
  16 kobolds
  A leopard gecko skeleton (D:5)
  A leopard gecko zombie (D:5)
  3 orc skeletons (D:7)
  2 orc zombies (Ossuary)
  A quokka skeleton (D:4)
  30 rats
231 creatures vanquished.

Notes
Turn   | Place    | Note
-------+----------+-------------------------------------------
     0 | D:1      | Muumios the Mummy Assassin began the quest for the Orb.
     0 | D:1      | Reached XP level 1. HP: 16/16 MP: 1/1
   107 | D:1      | Reached XP level 2. HP: 14/22 MP: 2/2
   604 | D:1      | Reached XP level 3. HP: 14/28 MP: 3/3
  1202 | D:2      | Noticed an ice beast
  1578 | D:2      | Found an ancient bone altar of Kikubaaqudgha.
  1659 | D:2      | Reached skill level 4 in Stealth
  1659 | D:2      | Reached XP level 4. HP: 35/35 MP: 4/4
  1965 | D:2      | Found a glowing silver altar of Zin.
  2199 | D:3      | Found a faded altar of an unknown god.
  3040 | D:4      | Reached XP level 5. HP: 27/41 MP: 5/5
  3147 | D:4      | Found a shattered altar of Ashenzari.
  3271 | D:4      | Found the +2 pair of boots of the Assassin {Detection Stab+
                  | Stlth++}
  3614 | D:4      | Reached XP level 6. HP: 48/48 MP: 6/6
  3661 | D:4      | Got a warped ring mail
  3684 | D:3      | Identified the cursed +0 ring mail of Amorality {Str+4
                  | Stlth+} (You found it on level 4 of the Dungeon)
  3761 | D:4      | Found a burning altar of Makhleb.
  3935 | D:4      | Reached skill level 5 in Stealth
  4189 | D:5      | Entered Level 5 of the Dungeon
  4272 | D:5      | Found a glowing drain.
  4341 | Sewer    | Entered a sewer
  4415 | Sewer    | Reached XP level 7. HP: 52/55 MP: 7/7
  4763 | D:5      | Found a blossoming altar of Fedhas.
  4790 | D:5      | Noticed Edmund
  4813 | D:5      | Killed Edmund
  4993 | D:6      | Reached skill level 6 in Stealth
  5297 | D:6      | Reached skill level 5 in Fighting
  5297 | D:6      | Reached XP level 8. HP: 54/62 MP: 8/8
  5448 | D:6      | Found a staircase to the Ecumenical Temple.
  5454 | Temple   | Entered the Ecumenical Temple
  5559 | Temple   | Became a worshipper of Gozag Ym Sagoz the Greedy
  5619 | D:6      | Reached skill level 5 in Short Blades
  5733 | D:6      | Found Agorchuo's Armour Emporium.
  6036 | D:6      | Reached skill level 7 in Stealth
  6214 | D:5      | Noticed Sigmund
  6218 | D:5      | Killed Sigmund
  6682 | D:7      | Found a shimmering altar of Xom.
  6713 | D:7      | Reached XP level 9. HP: 67/69 MP: 9/9
  6731 | D:7      | Found a sand-covered staircase.
  6756 | Ossuary  | Entered an ossuary
  7060 | D:7      | Reached skill level 8 in Stealth
  7234 | D:7      | Found a flagged portal.
  7252 | Bailey   | Entered a bailey
  7310 | Bailey   | Slain by an orc warrior

Skill      XL: |  1  2  3  4  5  6  7  8  9 |
---------------+----------------------------+-----
Short Blades   | 2 3 4 6 |  6.5
Fighting       | 3 4 5 6 |  6.3
Stealth        | 4 5 6 7 8 |  8.1
Maces & Flails | |  0.3
Throwing       | |  1.5
Dodging        | |  0.7

Action                   |  1- 3 |  4- 6 |  7- 9 || total
-------------------------+-------+-------+-------++-------
Melee: Dagger            |   120 |    81 |       ||   201
       Whip              |       |    13 |       ||    13
       Short sword       |       |    83 |   433 ||   516
 Fire: Blowgun           |       |       |    18 ||    18
Throw: Tomahawk          |       |       |    13 ||    13
Invok: Potion Petition   |       |       |     1 ||     1
Evoke: Wand              |       |     3 |     7 ||    10
  Use: Scroll            |       |     7 |     6 ||    13
 Stab: Sleeping          |    11 |    23 |    27 ||    61
       Confused          |       |     1 |       ||     1
       Distracted        |       |       |     6 ||     6
       Paralysed         |       |       |     2 ||     2
Armor: Robe              |    39 |    12 |       ||    51
       Ring mail         |       |    18 |   140 ||   158
Dodge: Dodged            |    68 |    85 |   167 ||   320
